 Dungeon Sprint DCSS version 0.24-a0-521-g122614b (webtiles) character file.

Game seed: 13024575721275082539

10 schets the Sneak (level 2, -5/15 HPs)
             Began as a Vampire Enchanter on July 28, 2019.
             Splashed by an oklob sapling's acid (13 damage)
             ... in the Dungeon (Sprint IV: "Fedhas' Mad Dash").
             The game lasted 00:00:27 (167 turns).

schets the Sneak (Vampire Enchanter)                 Turns: 167, Time: 00:00:28

Health: -5/15      AC:  2    Str:  7    XL:     2   Next: 10%
Magic:  5/5        EV: 12    Int: 17    God:
Gold:   0          SH:  0    Dex: 14    Spells: 2/5 levels left

rFire    . . .     SeeInvis +   a - +1 dagger
rCold    + + .     Gourm    .   (no shield)
rNeg     + + +     Faith    .   b - +0 robe
rPois    ∞         Spirit   .   (no helmet)
rElec    .         Reflect  .   (no cloak)
rCorr    .         Harm     .   (no gloves)
MR       .....     NoTele   +   (no boots)
Stlth    +++++.....             (no amulet)
HPRegen  0.00/turn              (no ring)
MPRegen  0.09/turn              (no ring)

@: bloodless, regenerating quickly
A: no food, fangs 3, see invisible, unbreathing
a: Revivify


You were in the Dungeon.
You were bloodless.

You visited 1 branch

Inventory:

Hand Weapons
 a - a +1 dagger (weapon)
Armour
 b - a +0 robe (worn)
Scrolls
 i - a scroll of blinking
Potions
 d - a potion of curing
 e - a potion of heal wounds
 f - a potion of haste
 g - 2 potions of magic


   Skills:
 - Level 1.1 Short Blades
 - Level 2.1 Dodging
 * Level 7.1 Stealth
 - Level 2.0 Spellcasting
 + Level 5.6 Hexes


You had 2 spell levels left.
You knew the following spells:

 Your Spells              Type           Power        Failure   Level  Hunger
a - Corona                Hex            ###....      1%          1    N/A
b - Ensorcelled Hibernat  Hex/Ice        ##....       10%         2    N/A

Your spell library contained the following spells:

 Spells                   Type           Power        Failure   Level  Hunger
 Confuse                  Hex            ###.....     6%          3    N/A
 Tukima's Dance           Hex            ###.....     6%          3    N/A
 Dazzling Spray           Conj/Hex       ##....       19%         3    N/A

Dungeon Overview and Level Annotations

Branches:
Dungeon (1/1)

Altars:

Annotations:
D exclusion: oklob sapling


Innate Abilities, Weirdness & Mutations

You do not eat.
You do not regenerate when monsters are visible.
You are frail without blood (-20% HP).
You are immune to poison.
You have razor-sharp teeth.
You have supernaturally acute eyesight. (SInv)
You can survive without breathing.


Message History

HP restored.
You start waiting.
You feel yourself speed up.
You start waiting.
You recover from your berserk rage.
You see here a mace.
Memorise Ensorcelled Hibernation, consuming 2 spell levels and leaving 2?
You start memorising the spell.
You continue memorising. x2
You finish memorising.
Spell assigned to 'b'.
You begin bloodletting.
You continue bloodletting. x5
Now bloodless.
You start waiting.
Done waiting.
You open the door.
Marking area around the oklob sapling as unsafe for travelling.
An oklob sapling comes into view.
The oklob sapling spits acid at you. The splash of acid hits you!
You are splashed with acid!
Ouch! That really hurt!
You die...

############ #####
#<..P#†....#.$$$$#
#PP..+†)..@'.#
#PPPP#.....#P#
############ #


You could see an oklob sapling.

Vanquished Creatures
  A river rat (D)
  A rat (D)
2 creatures vanquished.

Notes
Turn   | Place    | Note
-------+----------+-------------------------------------------
     0 | D        | schets the Vampire Enchanter began the quest for the Orb.
     0 | D        | Reached XP level 1. HP: 13/13 MP: 3/3
    17 | D        | Reached skill level 7 in Stealth
    17 | D        | Reached skill level 5 in Hexes
    17 | D        | Reached XP level 2. HP: 15/19 MP: 5/5
    58 | D        | Learned a level 2 spell: Ensorcelled Hibernation
   167 | D        | Noticed an oklob sapling
   167 | D        | Splashed by an oklob sapling's acid

Levels and vault maps discovered:
D:        dungeon_sprint_fedhas [sprint_temple]

Skill      XL: |  1 |
---------------+----+-----
Stealth        | 7 |  7.1
Hexes          | 5 |  5.6
Short Blades   | |  1.1
Dodging        | |  2.1
Spellcasting   | |  2.0

Action                   || total
-------------------------++-------
Melee: Dagger            ||    13
       Bite              ||     1
 Abil: Exsanguinate      ||     1
  Use: Potion            ||     1
Armor: Robe              ||     2
Dodge: Dodged            ||     7

Table legend:
 A = Non-vault XP
 B = Vault XP
 C = Vault XP percentage of total XP
 D = Non-vault monster count
 E = Vault monster count
 F = Vault count percentage of total count
                 A         B        C        D         E       F
            +---------+---------+-------+---------+---------+-------
      Total |       0 |      15 | 100.0 |       0 |       2 | 100.0
            +---------+---------+-------+---------+---------+-------
          D |       0 |      15 | 100.0 |       0 |       2 | 100.0
            +---------+---------+-------+---------+---------+-------
